 Dungeon Crawl Stone Soup version 0.28-a0-1429-gf3d713df7a (webtiles) character file.

Game seed: 9943781494928727969

33 Deminshera the Sneak (level 3, 0/19 HPs)
             Began as a Vine Stalker Brigand on Jan 8, 2022.
             Succumbed to Jessica's poison
             ... on level 2 of the Dungeon.
             The game lasted 00:01:29 (1270 turns).

Deminshera the Sneak (Vine Stalker Brigand)         Turns: 1270, Time: 00:01:30

Health: 0/19       AC:  3    Str: 13    XL:     3   Next: 29%
Magic:  1/4        EV: 11    Int: 11    God:
Gold:   79         SH:  0    Dex: 17    Spells: 2/2 levels left

rFire   . . .      SeeInvis .   a - +2 dagger
rCold   . . .      Faith    .   (no shield)
rNeg    . . .      Spirit   +   b - +0 robe
rPois   .          Reflect  .   (no helmet)
rElec   .          Harm     .   c - +0 cloak
rCorr   .          Rampage  .   (no gloves)
Will    .....                   (no boots)
Stlth   +++.......              (no amulet)
HPRegen 0.06/turn               (no ring)
MPRegen 0.09/turn               (no ring)

@: lethally poisoned (0 -> -15)
A: fangs 2, magic shield, antimagic bite, no potion heal 2
a: no special abilities


You were on level 2 of the Dungeon.
You visited 1 branch of the dungeon, and saw 2 of its levels.

You collected 79 gold pieces.

Inventory:

Hand Weapons
 a - a +2 dagger (weapon)
Missiles
 d - 8 poisoned darts
 e - a curare-tipped dart (quivered)
Armour
 b - a +0 robe (worn)
 c - a +0 cloak (worn)
Scrolls
 f - a scroll of identify {unknown}


   Skills:
 * Level 2.5 Fighting
 + Level 2.2 Short Blades
 - Level 2.0 Throwing
 - Level 0.7 Dodging
 + Level 5.2 Stealth


You had 2 spell levels left.
You didn't know any spells.
Your spell library was empty.

Dungeon Overview and Level Annotations

Branches:
Dungeon (2/15)

Altars:

Shops:
D:1 [


Innate Abilities, Weirdness & Mutations

You have extremely sharp teeth.
When hurt, damage is shared between your health and your magic reserves.
Your bite disrupts and absorbs the magic of your enemies.
Potions cannot restore your health.


Message History

You feel sick.
You aren't carrying any items that you can evoke.
You barely miss Jessica.
Jessica is heavily wounded.
You feel sick.
Jessica hits you with a +0 dagger of venom.
You hit Jessica.
Jessica is severely wounded.
You feel sick. Jessica barely misses you.
You barely miss Jessica.
Jessica is severely wounded.
You feel sick.
Jessica falters for a moment.
You hit Jessica.
Jessica is almost dead.
You feel sick.
Jessica falters for a moment.
You hit Jessica but do no damage.
Jessica is almost dead.
You feel sick.
Jessica drinks a potion.
Jessica is healed!
You hit Jessica.
Jessica is moderately wounded.
You feel sick.
You are no longer poisoned.
Jessica hits you with a +0 dagger of venom!
* * * LOW HITPOINT WARNING * * *
You are lethally poisoned!
You aren't carrying any potions.
You aren't carrying any potions.
You aren't carrying any potions.
You aren't carrying any potions.
You aren't carrying any potions.
Okay, then.
You aren't carrying any items that you can evoke.
Throw: 2 darts (curare)
Press: ? - help, Q - select action, (/) - cycle Shift-Dir - straight line, f - Jessica
Aim: Jessica, wielding a +0 dagger of venom and wearing a +1 robe of willpower (moderately wounded, magic disrupted, 62% to hit)
You throw a curare-tipped dart. The curare-tipped dart hits Jessica.
Jessica is poisoned.
Jessica convulses.
You kill Jessica!
You die...

##. .# ... .#
#.# .# ..# .#
#.# .# #.# .#
##.#####.##.##
#......@.....#
#..####.(##.#.#
#..# #..[.#
#..# #.###)#
#..# #.. .#
##..## ##.# #
#.(..## .#
#.....## .# #
#..###.##.###.#


There were no monsters in sight!

Vanquished Creatures
  Jessica (D:2)
  4 ball pythons
  6 endoplasms (D:1)
  A giant cockroach (D:1)
  3 hobgoblins
  4 bats
  6 frilled lizards (D:1)
  3 goblins
  3 kobolds
  2 rats
33 creatures vanquished.

Notes
Turn   | Place    | Note
-------+----------+-------------------------------------------
     0 | D:1      | Deminshera the Vine Stalker Brigand began the quest for the
                  | Orb.
     0 | D:1      | Reached XP level 1. HP: 11/11 MP: 2/2
   419 | D:1      | Reached XP level 2. HP: 15/15 MP: 3/3
   423 | D:1      | Reached skill level 5 in Stealth
   732 | D:1      | Found a faded altar of an unknown god.
   961 | D:1      | Reached XP level 3. HP: 19/19 MP: 4/4
   983 | D:1      | Found Nimusk's Antique Armour Shoppe.
  1258 | D:2      | Noticed Jessica
  1270 | D:2      | Killed Jessica
  1270 | D:2      | Succumbed to Jessica's poison

Illustrated notes

Levels and vault maps discovered:
D:1:      giann_wishing_wells, layout_basic,
          hellmonk_ecumenical_altar_heavens_door, serial_shops,
          nicolae_shop_behind_doors, grunt_decor_one_mirror
D:2:      layout_loops_ring, uniq_jessica

Skill      XL: |  1  2 |
---------------+-------+-----
Fighting       | 2 |  2.5
Stealth        | 5 |  5.2
Short Blades   | 2 |  2.2
Throwing       | 2 |  2.0
Dodging        | |  0.7

Action                   || total
-------------------------++-------
Melee: Dagger            ||    75
       Bite              ||    18
       Punch             ||     1
Throw: Dart              ||     1
 Stab: Sleeping          ||     9
Armor: Robe              ||    13
Dodge: Dodged            ||    33

Table legend: (Time is in decaauts)
 A = Elapsed time spent in this place.
 B = Non-inter-level travel time spent in this place.
 C = Inter-level travel time spent in this place.
 D = Time resting spent in this place.
 E = Time spent auto-exploring this place.
 F = Levels seen in this place.
 G = Mean time per level.
                   A        B        C        D        E       F      G
               +--------+--------+--------+--------+--------+-----+--------+
         Total |   1262 |   1238 |     24 |      0 |   1038 |   2 |  631.0 |
       Dungeon |   1262 |   1238 |     24 |      0 |   1038 |   2 |  631.0 |
               +--------+--------+--------+--------+--------+-----+--------+

Top non-repeatable levels by time:
     D:1: 1059 daAuts
     D:2: 203 daAuts
